 Dungeon Crawl Stone Soup version 0.28-a0-1493-g08698888e4 (webtiles) character file.

Game seed: 7818267185683852701

621 a3don the Chiller (level 7, -4/50 HPs)
             Began as a Human Ice Elementalist on Jan 12, 2022.
             Shot with an arrow by a centaur (12 damage)
             ... on level 5 of the Dungeon.
             The game lasted 00:15:54 (4851 turns).

a3don the Chiller (Human Ice Elementalist)          Turns: 4851, Time: 00:15:54

Health: -4/50      AC:  3    Str:  9    XL:     7   Next: 75%
Magic:  7/12       EV: 13    Int: 17    God:
Gold:   127        SH:  0    Dex: 16    Spells: 6/13 levels left

rFire   . . .      SeeInvis .   a - +4 hunting sling of the Dragonfly {freeze, Dex+3}
rCold   . . .      Faith    .   f - orb {light}
rNeg    . . .      Spirit   .   j - +0 robe
rPois   .          Reflect  .   (no helmet)
rElec   .          Harm     .   (no cloak)
rCorr   .          Rampage  .   (no gloves)
Will    .....                   o - +0 pair of boots
Stlth   +.........              (no amulet)
HPRegen 0.16/turn               (no ring)
MPRegen 0.13/turn               (no ring)

@: freezing walls, glowing
A: no striking features
a: no special abilities


You were on level 5 of the Dungeon.
You visited 1 branch of the dungeon, and saw 5 of its levels.

You collected 127 gold pieces.

Inventory:

Hand Weapons
 a - the +4 hunting sling of the Dragonfly (weapon) {freeze, Dex+3}
   (You found it on level 2 of the Dungeon)

   Any ammunition fired from it freezes those it strikes, dealing additional
   cold damage.
   It can also slow down cold-blooded creatures.
   Dex:       It affects your dexterity (+3).
 b - a +0 short sword
 d - a +0 whip
 e - a +0 dagger
 q - a +3 quarterstaff
 r - a +1 dagger of flaming
Missiles
 g - 57 stones (quivered ammo)
 m - 4 boomerangs
 n - 6 poisoned darts
Armour
 f - an orb of light (worn)
 j - a +0 robe (worn)
 o - a +0 pair of boots (worn)
Wands
 t - a wand of flame (19)
Scrolls
 c - 3 scrolls of fear
 h - 3 scrolls of teleportation
 i - 4 scrolls of enchant weapon {unknown}
 l - a scroll of blinking {unknown}
 p - a scroll of amnesia {unknown}
 s - a scroll of fog {unknown}


   Skills:
 + Level 2.2 Fighting
 + Level 2.2 Short Blades
 * Level 3.1 Slings
 + Level 3.2 Dodging
 + Level 3.3 Stealth
 * Level 3.9 Spellcasting
 + Level 4.9 Ice Magic


You had 6 spell levels left.
You knew the following spells:

 Your Spells              Type           Power      Damage    Failure   Level
a - Freeze                Ice            76%        1d9       2%          1
b - Frozen Ramparts       Ice            38%        1d5       6%          3
c - Ozocubu's Armour      Ice            19%        N/A       6%          3

Your spell library contained the following spells:

 Spells                   Type           Power      Damage    Failure   Level
 Summon Guardian Golem    Hex/Summ       3%         N/A       43%         3
 Hailstorm                Conj/Ice       11%        3d5       50%         4
 Orb of Destruction       Conj           1%         N/A       100%        7
 Spellforged Servitor     Conj/Summ      1%         N/A       100%        7


Dungeon Overview and Level Annotations

Branches:
Dungeon (5/15)
 Temple: D:4-7

Altars:
Dithmenos
Makhleb
Qazlal
Beogh

Shops:
D:3 [

Annotations:
D:4 3 runed translucent doors, ALWAYSlose's ghost, novice MfBe


Message History

Casting: Frozen Ramparts (dangerous; 6% risk of failure)
Confirm with . or Enter, or press ? or * to list all spells.
Casting: Frozen Ramparts (dangerous; 6% risk of failure)
Press: ? - help, Dir - look around, f - activate This square is lit by a halo.
The walls around you are covered in ice.
The wall freezes the orc.
You kill the orc!
You are too injured to fight recklessly!
Fire: 61 stones
Press: ? - help, Q - select action, (/) - cycle Shift-Dir - straight line, f - centaur
Aim: a centaur, wielding a +0 shortbow and quivering arrows (76% to hit)
You shoot a stone. The stone hits the centaur.
The stone freezes the centaur.
The centaur is lightly wounded.
The centaur shoots an arrow.
The arrow misses you.
Fire: 60 stones
Press: ? - help, Q - select action, (/) - cycle Shift-Dir - straight line, f/p - centaur
Aim: a centaur, wielding a +0 shortbow and quivering arrows (lightly wounded, haloed, 91% to hit)
You shoot a stone.
The stone hits the centaur but does no damage.
The centaur is lightly wounded.
The centaur shoots an arrow.
The arrow hits you!
* * * LOW HITPOINT WARNING * * *
The wall freezes the gnoll.
Fire: 59 stones
Press: ? - help, Q - select action, (/) - cycle Shift-Dir - straight line, f/p - centaur
Aim: a centaur, wielding a +0 shortbow and quivering arrows (lightly wounded, haloed, 91% to hit)
You shoot a stone.
The stone hits the centaur but does no damage.
The centaur is lightly wounded.
The centaur shoots an arrow.
The arrow closely misses you.
The wall freezes the gnoll.
Fire: 58 stones
Press: ? - help, Q - select action, (/) - cycle Shift-Dir - straight line, f/p - centaur
Aim: a centaur, wielding a +0 shortbow and quivering arrows (lightly wounded, haloed, 91% to hit)
You shoot a stone. The stone hits the gnoll.
The stone freezes the gnoll.
You kill the gnoll!
The wall freezes the jelly.
The wall freezes the centaur.
The centaur shoots an arrow.
The arrow hits you!
You die...

### .. .#
###################.##.##.
...............@)J)g(((((>
.........########c#(.#.###
######..#######..g......
#......<##......#......#
#.##..####.##...#..##...
#.....####.#[...#...# .#
####.......#.......... #
#....###########..##.
#....# .#


You could see a gnoll sergeant, a centaur, a jelly and a gnoll.

Vanquished Creatures
  Sigmund (D:3)
  A scorpion (D:4)
  A hound (D:4)
  Jessica (D:3)
  2 iguanas (D:4)
  3 orc wizards
  6 gnolls
  4 adders
  An adder skeleton (D:4)
  3 worms
  2 dart slugs (D:1)
  21 orcs
  9 bats
  7 endoplasms
  3 giant cockroaches
  5 goblins
  3 hobgoblins
  3 quokkas
  6 ball pythons
  7 frilled lizards
  14 kobolds
  7 rats
110 creatures vanquished.

Notes
Turn   | Place    | Note
-------+----------+-------------------------------------------
     0 | D:1      | a3don the Human Ice Elementalist began the quest for the
                  | Orb.
     0 | D:1      | Reached XP level 1. HP: 13/13 MP: 3/3
   265 | D:1      | Reached XP level 2. HP: 20/20 MP: 3/5
   597 | D:1      | Reached XP level 3. HP: 25/25 MP: 0/6
   981 | D:1      | Found a faded altar of an unknown god.
  1588 | D:2      | Identified the +4 hunting sling of the Dragonfly {freeze,
                  | Dex+3}
  1690 | D:2      | Learned a level 3 spell: Frozen Ramparts
  1929 | D:2      | Reached XP level 4. HP: 24/31 MP: 3/7
  2688 | D:2      | Reached skill level 1 in Fighting
  2782 | D:2      | Reached skill level 1 in Short Blades
  3003 | D:3      | Reached skill level 1 in Slings
  3009 | D:3      | Reached XP level 5. HP: 36/37 MP: 4/9
  3129 | D:3      | Noticed Jessica
  3139 | D:3      | Killed Jessica
  3459 | D:3      | Found Fynoatti's Antique Armour Boutique.
  3478 | D:3      | Noticed Sigmund
  3487 | D:3      | Killed Sigmund
  3488 | D:3      | Reached XP level 6. HP: 36/44 MP: 6/11
  3492 | D:3      | Learned a level 3 spell: Ozocubu's Armour
  3698 | D:3      | Found a burning altar of Makhleb.
  3710 | D:3      | Found a stormy altar of Qazlal.
  3957 | D:4      | Reached XP level 7. HP: 33/49 MP: 8/12
  4148 | D:4      | Found a shadowy altar of Dithmenos.
  4276 | D:4      | Found a runed translucent gate.
  4281 | D:4      | Found a runed translucent gate.
  4281 | D:4      | Found a runed translucent gate.
  4282 | D:4      | Noticed ALWAYSlose's ghost (novice MfBe)
  4792 | D:4      | Identified the +4 ring mail of Ujudd {Harm Stlth+}
  4806 | D:5      | Entered Level 5 of the Dungeon
  4851 | D:5      | Shot with an arrow by a centaur

Illustrated notes

Levels and vault maps discovered:
D:1:      nicolae_arrival_memento_mori, layout_loops_cross,
          ebering_ecumenical_altar_mist, minmay_indecisive_spiral
D:2:      layout_rooms, minmay_misc_feat_alley, minmay_misc_feat_columns,
          minmay_misc_feat_encased, grunt_ministairs_11, minmay_pentomino_u2
D:3:      layout_basic, nicolae_overflow_hidden_temple, lemuel_tele_altar,
          serial_shops, shop, minmay_misc_feat_more_columns, minmay_between,
          uniq_sigmund, uniq_jessica
D:4:      layout_basic, grunt_dithmenos_smoke_and_mirrors,
          biasface_ghost_orc_armoury
D:5:      layout_basic, general_overflow_altar, nicolae_tso_swordbearing_angel,
          nicolae_wu_jian_wuxing_cycle, temple_green, uniq_edmund, uniq_duvessa

Skill      XL: |  1  2  3  4  5  6  7 |
---------------+----------------------+-----
Fighting       | 1 2 |  2.2
Short Blades   | 1 2 |  2.2
Slings         | 1 2 3 |  3.1
Spellcasting   | 3 |  3.9
Stealth        | 3 |  3.3
Dodging        | 3 |  3.2
Ice Magic      | |  4.9

Action                   |  1- 3 |  4- 6 |  7- 9 || total
-------------------------+-------+-------+-------++-------
Melee: Dagger            |    21 |       |       ||    21
       Short sword       |    34 |    31 |       ||    65
 Fire: Hunting sling     |       |    32 |    83 ||   115
 Cast: Freeze            |    43 |    20 |     5 ||    68
       Frozen Ramparts   |     1 |     8 |     6 ||    15
  Use: Scroll            |     1 |     1 |       ||     2
       Potion            |       |       |     1 ||     1
 Stab: Sleeping          |     1 |       |       ||     1
Armor: Robe              |    20 |    12 |     3 ||    35
Dodge: Dodged            |    59 |    31 |    16 ||   106

Table legend: (Time is in decaauts)
 A = Elapsed time spent in this place.
 B = Non-inter-level travel time spent in this place.
 C = Inter-level travel time spent in this place.
 D = Time resting spent in this place.
 E = Time spent auto-exploring this place.
 F = Levels seen in this place.
 G = Mean time per level.
                   A        B        C        D        E       F      G
               +--------+--------+--------+--------+--------+-----+--------+
         Total |   4858 |   4717 |    141 |   1257 |   2677 |   5 |  971.6 |
       Dungeon |   4858 |   4717 |    141 |   1257 |   2677 |   5 |  971.6 |
               +--------+--------+--------+--------+--------+-----+--------+

Top non-repeatable levels by time:
     D:1: 1817 daAuts
     D:3: 1063 daAuts
     D:2: 1054 daAuts
     D:4: 878 daAuts
     D:5: 45 daAuts
